Map: Traitor's Exile

Players

MonstroTown

  • Race: Terran Terran
  • Spawn Location: 12:00

Michael

  • Race: Protoss Protoss
  • Spawn Location: 9:00

Bellerophon

  • Race: Protoss Protoss
  • Spawn Location: 6:00

GoinBonkrs

  • Race: Zerg Zerg
  • Spawn Location: 5:00

VOD

Have the link to the VOD?

Description

Time

  • Played on: Aug. 18, 2018, 7:41 p.m.
  • Length: 8:49
Show
View Real Time Build Order
Export as new Build Order

MonstroTown Terran 

Build Orders:  

Get SALT Encoding   

  12  0:01  SCV  
  13  0:13  SCV  
  14  0:18  Supply Depot  
  14  0:25  SCV  
  15  0:40  SCV  
  15  0:42  Barracks  
  16  0:48  Refinery  
  16  0:52  SCV  
  18  1:04  SCV  
  18  1:18  Refinery  
  18  1:24  SCV  
  18  1:25  Barracks  
  19  1:31  Reaper  
  20  1:37  Orbital Command  
  20  2:05  SCV  
  21  2:17  SCV, Marine  
  21  2:22  Supply Depot  
  23  2:43  Marine  
  23  2:44  SCV  
  25  2:49  Marine  
  26  2:56  SCV  
  26  2:57  Factory  
  27  3:01  Marine  
  27  3:05  Barracks  
  28  3:07  Marine  
  29  3:19  Command Center  
  29  3:22  Marine  
  29  3:26  Marine  
  31  3:47  Barracks Tech Lab, Barracks Reactor  
  30  3:59  Engineering Bay  
  30  4:25  Missile Turret  
  30  4:33  Missile Turret  
  30  4:35  Barracks Reactor  
  30  4:37  SCV  
  31  4:46  Orbital Command  
  31  5:01  Marauder, Marine x2  
  31  5:02  Factory Tech Lab  
  35  5:07  Terran Infantry Weapons Level 1  
  35  5:08  SCV  
  36  5:21  SCV  
  36  5:22  SCV  
  38  5:36  Siege Tank  
  38  5:37  Stimpack  
  41  5:46  Marine x2  
  41  5:47  Marauder  
  40  6:17  Missile Turret  
  36  6:40  Marine x3  
  39  6:50  Barracks  
  39  6:58  Marine x2  
  41  7:04  SCV  
  41  7:16  Starport  
  31  7:26  Marine x2  
  31  7:27  Marine  
  29  7:32  Missile Turret  
  29  7:36  Missile Turret, Marine x2  
  30  7:42  SCV  
  30  7:53  Missile Turret  
  29  8:01  Marine x2  
  31  8:17  Barracks Tech Lab  
  31  8:19  Starport Reactor  
Show
View Real Time Build Order
Export as new Build Order

Michael Protoss 

Build Orders:  

Get SALT Encoding   

  1  0:00  Probe  
  12  0:05  Probe  
  14  0:15  Probe  
  15  0:23  Pylon  
  15  0:41  Probe  
  16  0:43  Gateway  
  16  0:49  Assimilator  
  16  0:53  Probe  
  17  0:59  Assimilator  
  17  1:01  Probe  
  17  1:10  Probe  
  19  1:19  Probe  
  19  1:24  Gateway  
  20  1:31  Probe, Cybernetics Core  
  21  1:38  Pylon  
  21  1:47  Probe  
  22  1:56  Pylon  
  22  1:59  Probe  
  22  2:00  Zealot  
  23  2:12  Probe, Stalker  
  26  2:18  Warp Gate  
  26  2:27  Stalker  
  28  2:42  Stalker  
  6  3:39  Nexus  
  6  3:43  Pylon  
  6  3:45  Zealot  
  8  4:34  Shield Battery  
  8  4:49  Stalker  
  8  4:52  Shield Battery  
  10  5:16  Probe  
  11  5:24  Probe  
  12  5:34  Probe  
  13  5:46  Probe  
  14  5:54  Probe  
  14  6:02  Probe  
  16  6:20  Probe  
  17  6:32  Probe  
  18  6:43  Probe  
  19  6:51  Probe  
  19  6:59  Probe  
  21  7:10  Probe  
  21  7:15  Stalker  
  24  7:16  Stalker  
  24  7:22  Probe  
  27  7:34  Probe  
  28  7:39  Stalker  
  28  7:40  Stalker  
  32  7:46  Probe  
  29  8:02  Stalker  
  29  8:03  Stalker  
  31  8:08  Gateway  
  31  8:10  Probe  
  31  8:15  Pylon  
  31  8:17  Assimilator  
  31  8:18  Probe  
  31  8:19  Assimilator  
  33  8:27  Probe  
  33  8:31  Stalker x2  
Show
View Real Time Build Order
Export as new Build Order

Bellerophon Protoss 

Build Orders:  

Get SALT Encoding   

  12  0:01  Probe  
  13  0:13  Probe  
  14  0:22  Probe  
  14  0:25  Pylon  
  15  0:40  Probe  
  15  0:49  Forge  
  16  0:52  Probe  
  17  1:04  Probe  
  18  1:12  Pylon  
  18  1:23  Probe  
  19  1:31  Photon Cannon  
  19  1:33  Photon Cannon  
  19  1:53  Pylon  
  19  2:13  Photon Cannon  
  19  2:14  Photon Cannon  
  19  2:16  Photon Cannon  
  19  2:26  Photon Cannon  
  18  2:34  Photon Cannon  
  17  2:50  Pylon  
  16  3:13  Photon Cannon  
  16  3:16  Pylon  
  16  3:18  Probe  
  17  3:44  Pylon  
  17  3:53  Photon Cannon  
  17  3:55  Photon Cannon  
  17  4:02  Photon Cannon  
  17  4:10  Photon Cannon  
  17  4:27  Assimilator  
  17  4:33  Assimilator  
  17  4:47  Nexus  
  17  4:53  Probe  
  18  5:05  Probe  
  18  5:18  Probe  
  19  5:29  Gateway  
  19  5:31  Pylon  
  19  5:35  Pylon  
  19  6:11  Nexus  
  19  6:14  Assimilator  
  19  6:18  Assimilator  
  19  6:43  Cybernetics Core  
  19  7:05  Nexus  
  20  7:08  Probe  
  20  7:20  Probe, Stargate  
  21  7:23  Stargate  
  21  7:27  Probe  
  22  7:32  Probe  
  22  7:36  Probe  
  23  7:44  Probe x2  
  26  7:53  Probe  
  27  8:07  Probe  
  28  8:18  Probe  
  30  8:20  Probe  
  30  8:22  Assimilator  
  30  8:28  Assimilator  
  30  8:30  Probe  
  30  8:32  Probe  
Show
View Real Time Build Order
Export as new Build Order

GoinBonkrs Zerg 

Build Orders: Pool First 

Get SALT Encoding   

  12  0:01  Drone  
  13  0:08  Drone  
  13  0:13  Extractor  
  13  0:16  Drone  
  14  0:26  Overlord  
  14  0:43  Spawning Pool  
  14  0:46  Drone  
  14  0:56  Drone  
  15  0:58  Drone  
  15  0:59  Drone  
  17  1:09  Drone  
  18  1:20  Drone  
  19  1:31  Lair  
  19  1:34  Drone  
  20  1:51  Overlord  
  20  2:05  Hatchery  
  19  2:11  Extractor  
  19  2:12  Drone x2  
  19  2:14  Drone  
  21  2:29  Queen  
  23  2:31  Drone  
  24  2:59  Drone  
  24  3:00  Drone x2  
  24  3:05  Spire  
  26  3:11  Drone  
  27  3:18  Drone  
  27  3:19  Queen  
  30  3:20  Extractor  
  30  3:26  Drone  
  30  3:27  Extractor  
  29  3:46  Drone x2  
  31  3:52  Drone  
  31  3:55  Queen  
  34  3:59  Drone x2  
  36  4:07  Overlord x4  
  36  4:25  Drone x3  
  39  4:43  Drone  
  40  4:51  Drone x3  
  43  4:55  Hatchery  
  43  4:57  Mutalisk x2  
  46  5:01  Mutalisk x2  
  46  5:05  Mutalisk  
  52  5:10  Mutalisk  
  54  5:15  Mutalisk  
  54  5:19  Mutalisk  
  58  5:28  Drone x3  
  61  5:31  Drone x2  
  61  5:33  Drone  
  64  5:39  Drone x3  
  64  5:41  Drone  
  68  6:03  Overlord x2  
  68  6:04  Overlord x4  
  64  6:30  Mutalisk  
  64  6:31  Mutalisk x7  
  78  6:40  Drone  
  78  6:41  Drone x2  
  78  6:42  Queen  
  83  6:55  Drone x3  
  86  7:18  Mutalisk  
  86  7:19  Mutalisk x4  
  94  7:37  Mutalisk  
  94  7:38  Mutalisk x5  
  102  8:00  Extractor, Drone x3  
  104  8:07  Extractor  
  104  8:09  Drone x3  
  104  8:11  Drone x3  
Tags
 
Add a new tag
Caveats
  • Supply blocks, unpowered buildings, or Contaminate may cause inaccurate times.
  • Supply counts are checked every 10 seconds.